[Event "*** Titled Tuesday Blitz"]
[Site "Chess.com"]
[Date "2021.03.09"]
[Round "6"]
[White "kuhlmann"]
[Black "schondeln"]
[Result "1/2-1/2"]
[WhiteElo "2399"]
[BlackElo "2398"]
[TimeControl "180+1"]
[EndTime "11:10:56 PST"]
[Termination "Game drawn - insufficient material"]

1. a4 d5 2. g3 Nf6 3. Bg2 Bf5 4. d3 e6 5. Nd2 h6 6. e4 Bh7 7. Nh3 c5 8. O-O Be7 9. b3 Nc6 10. Bb2 O-O 11. Nf4 Rc8 12. Rc1 dxe4 13. dxe4 Qc7 14. c3 Rfd8 15. Qe2 b6 16. Nc4 Ne5 17. Rfd1 Nxc4 18.
Qxc4 Rxd1+ 19. Rxd1 Rd8 20. Rd3 Rxd3 21. Qxd3 Qd6 22. f3 Qxd3 23. Nxd3 Nd7 24. Kf2 Kf8 25. Ke3 Ke8 26. Bc1 Bf6 27. Bd2 Ne5 28. Nxe5 Bxe5 29. f4 Bd6 30. Bf1 Kd7 31. Bb5+ Kc7 32. Bd3 Be7 33.
e5 Bxd3 34. Kxd3 g6 35. b4 cxb4 36. cxb4 h5 37. b5 Bc5 38. h3 Kd7 39. g4 hxg4 40. hxg4 Ke7 41. Ke4 Bg1 42. f5 gxf5+ 43. gxf5 exf5+ 44. Kxf5 Bd4 45. Bb4+ Ke8 46. Kf6 Bb2 47. Kf5 Bd4 48.
Ke4 Bb2 49. Kd5 Kd7 50. Bd6 Bc3 51. Bb8 Bb2 52. Bxa7 Kc7 53. a5 bxa5 54. Bc5 a4 55. Kc4 Bxe5 56. Kb4 Kb7 57. Kxa4 f5 58. Kb3 Bc7 59.
Kc4 Bb6 60. Bxb6 Kxb6 61. Kd4 f4 62. Ke4 Kxb5 63. Kf3 Kc5 64. Ke4 Kd6 65. Kxf4 1/2-1/2

[Event "*** Titled Tuesday Blitz"]
[Site "Chess.com"]
[Date "2021.03.09"]
[Round "6"]
[White "david_alex"]
[Black "suyu28"]
[Result "0-1"]
[WhiteElo "2084"]
[BlackElo "2607"]
[TimeControl "180+1"]
[EndTime "11:10:56 PST"]
[Termination "suyu28 won on time"]

1. e4 e5 2. Nf3 Nc6 3. Bc4 Bc5 4. c3 Nf6 5. d3 d6 6. Nbd2 Bg4 7. h3 Bh5 8. O-O Qd7 9. b4 Bb6 10. a4 a5 11. Qb3 O-O 12. Re1 Rfe8 13. b5 Ne7 14. Qd1 Rad8 15. Nf1 d5 16. exd5 Nexd5 17. Bd2 e4 18. dxe4 Nxe4 19. Be3 Nexc3 20. Qd3 Bg6 21. Qd2 Ne4 22. Qa2 Nb4 23. Qb3 Nd3 24. Red1 Nexf2 25.
Bxb6 cxb6 26. Rd2 Nxh3+ 27. gxh3 Qxh3 28. Bxd3 Qxf3 29. Bc4 Qg4+ 30. Rg2 Qd4+ 31. Kh1 Qxa1 32. Rxg6 hxg6 33. Bxf7+ Kf8 34. Bc4 Qf6 0-1

[Event "*** Titled Tuesday Blitz"]
[Site "Chess.com"]
[Date "2021.03.09"]
[Round "6"]
[White "LenkaPtacnikova"]
[Black "Treacherous_horse64"]
[Result "0-1"]
[WhiteElo "2127"]
[BlackElo "2523"]
[TimeControl "180+1"]
[EndTime "11:10:57 PST"]
[Termination "Treacherous_horse64 won on time"]

1. c4 g6 2. g3 Bg7 3. Bg2 Nf6 4. Nc3 O-O 5. d4 d6 6. Nf3 Nc6 7. e4 Bg4 8. h3 Bxf3 9. Bxf3 e5 10. d5 Nd4 11. Bg2 c5 12. dxc6 bxc6 13. c5 dxc5 14. O-O Nd7 15. Be3 Re8 16. Rc1 Qa5 17. Na4 Bf8 18.
Bd2 Qa6 19. Re1 Nb6 20. Nc3 Nc4 21. Bf1 Nf3+ 22. Qxf3 Nxd2 23. Qe2 Qxe2 24. Bxe2 Red8 25. Rc2 Rab8 26. Rd1 Bh6 27. Kg2 Kg7 28. b3 f5 29.
exf5 gxf5 30. Na4 c4 31. Bxc4 Nxc4 32. Rxd8 Ne3+ 33. fxe3 Rxd8 34. Kf2 e4 35. Nc5 Kf6 36. Nb7 Rd3 0-1

[Event "*** Titled Tuesday Blitz"]
[Site "Chess.com"]
[Date "2021.03.09"]
[Round "6"]
[White "Grineva_Marianna"]
[Black "vladimirdamjanovic"]
[Result "0-1"]
[WhiteElo "2278"]
[BlackElo "2457"]
[TimeControl "180+1"]
[EndTime "11:10:57 PST"]
[Termination "vladimirdamjanovic won by checkmate"]

1. e4 Nc6 2. Nf3 g6 3. d4 Bg7 4. Nc3 d6 5. h3 Nf6 6. Be3 Kf8 7. Be2 Kg8 8. Qd2 h6 9. O-O-O a6 10. g4 b5 11. a3 Rb8 12. g5 hxg5 13. Nxg5 b4 14. axb4 Nxb4 15. e5 Nfd5 16. Bc4 c6 17. f4 Qa5 18. Nb1 Qa2 19. Bb3 Qxb3 20. cxb3 Na2+ 21. Kc2 Bf5+ 22. Qd3 Nab4+ 23. Kd2 Nxd3 24. Nc3 Rxb3 25.
Nxd5 cxd5 26. Ra1 Nxb2 27. Ke2 Nc4 28. Bf2 Rb2+ 29. Kf3 Rb3+ 30. Kg2 f6 31. exf6 exf6 32. Rxa6 fxg5 33. fxg5 Be4+ 34. Kg1 Rb1+ 35. Kh2 Rxh1+ 36. Kg3 R8xh3+ 37. Kf4 Rf3+ 38. Kg4 Rhh3 39. Ra8+ Kh7 40. Rh8+ Kxh8 41. Bh4 Bf5# 0-1

[Event "*** Titled Tuesday Blitz"]
[Site "Chess.com"]
[Date "2021.03.09"]
[Round "6"]
[White "ailime26"]
[Black "stepakyedael"]
[Result "0-1"]
[WhiteElo "2080"]
[BlackElo "2284"]
[TimeControl "180+1"]
[EndTime "11:10:58 PST"]
[Termination "stepakyedael won on time"]

1. e4 c5 2. Nf3 e6 3. d4 cxd4 4. Nxd4 a6 5. Nc3 Qc7 6. Bd2 Nf6 7. Bd3 Bd6 8. g3 h5 9. f4 h4 10. e5 Bc5 11. Be3 hxg3 12. exf6 Bxd4 13. Bxd4 Qxf4 14. Ne2 g2 15. Rg1 Qh4+ 16. Kd2 gxf6 17. Rxg2 Nc6 18. Bf2 Qh6+ 19. Be3 Qh4 20. Qg1 Ne7 21. Rf1 b5 22. Nc3 Bb7 23. Rgf2 Rg8 24. Qg3 Rxg3 25. hxg3 Qh5 26. Rxf6 Nd5 27. Nxd5 Bxd5 28. Bg6 Qh2+ 29. Kc1 e5 30. Bxf7+ Bxf7 31. Rxf7 O-O-O 32. R7f5 Qxg3 33. Bd2 d6 34. Rf7 Rd7 35. Rf8+ Kc7 36. Ra8 Kb7 0-1

[Event "*** Titled Tuesday Blitz"]
[Site "Chess.com"]
[Date "2021.03.09"]
[Round "6"]
[White "sergiochess83"]
[Black "Nozdrachev_Vladislav"]
[Result "0-1"]
[WhiteElo "2896"]
[BlackElo "2721"]
[TimeControl "180+1"]
[EndTime "11:10:59 PST"]
[Termination "Nozdrachev_Vladislav won by resignation"]

1. e4 e5 2. Nf3 Nc6 3. Bb5 a6 4. Ba4 Nf6 5. O-O b5 6. Bb3 Be7 7. a4 b4 8. d3 O-O 9. a5 d6 10. Nbd2 Rb8 11. Bc4 Na7 12. h3 c5 13.
Nh2 Nc6 14. Nb3 d5 15. exd5 Nxd5 16. Be3 Nd4 17. Bxd4 cxd4 18. Re1 Qd6 19. Ng4 f6 20. f4 Kh8 21. fxe5 fxe5 22. Bxd5 Qxd5 23. Rxe5 Qd6 24. Qe2 Bxg4 25. hxg4 Bf6 26. Re6 Qd7 27. Nc5 Qb5 28. Ne4 Bd8 29. Nd6 Qd7 30. Rf1 Bg5 31. Rxf8+ Rxf8 32.
Re8 Qxd6 33. Qe5 Bf4 34. Rxf8+ Qxf8 35. Qxd4 Bg3 36. c4 h6 37. c5 Qe7 38. Qe4 Qxc5+ 0-1

[Event "*** Titled Tuesday Blitz"]
[Site "Chess.com"]
[Date "2021.03.09"]
[Round "6"]
[White "guillembaches"]
[Black "ckgchess"]
[Result "0-1"]
[WhiteElo "2461"]
[BlackElo "2755"]
[TimeControl "180+1"]
[EndTime "11:11:00 PST"]
[Termination "ckgchess won on time"]

1. e4 c6 2. d4 d5 3. exd5 cxd5 4. Bd3 Nc6 5. c3 Nf6 6. h3 g6 7. Nf3 Bf5 8. Be2 Bg7 9. O-O O-O 10. Bf4 Re8 11. Nbd2 Rc8 12. Re1 Ne4 13. Nf1 a6 14. Ne3 Be6 15. Bh2 Qd7 16. Nd2 Nd6 17.
Bf3 Nf5 18. Nxf5 Bxf5 19. Nf1 b5 20. Ne3 Be6 21. a3 a5 22. Qb3 Red8 23. Ng4 b4 24. axb4 axb4 25. Qa4 bxc3 26. bxc3 h5 27. Ne3 Bh6 28.
Qa2 Nb8 29. Bxb8 Rxb8 30. Rad1 Rbc8 31. c4 Bxe3 32. fxe3 Rxc4 33. Qf2 Rdc8 34. Be2 Rc2 35. Qf3 Bf5 36. Rf1 Qe6 37. Rde1 R8c3 38. Bd1 Be4 0-1

[Event "*** Titled Tuesday Blitz"]
[Site "Chess.com"]
[Date "2021.03.09"]
[Round "6"]
[White "HouseOfDurin"]
[Black "chessdiamant"]
[Result "1-0"]
[WhiteElo "2159"]
[BlackElo "2252"]
[TimeControl "180+1"]
[EndTime "11:11:00 PST"]
[Termination "HouseOfDurin won by resignation"]

1. d4 Nf6 2. Bg5 Ne4 3. h4 c5 4. dxc5 Nxg5 5. hxg5 Qa5+ 6. Qd2 Qxc5 7. c3 Nc6 8. e4 g6 9. Nf3 Bg7 10. Be2 d6 11.
Na3 Be6 12. Nb5 O-O-O 13. Nfd4 Bd7 14. Nxc6 Bxc6 15. b4 Qb6 16. a4 a5 17. Ra3 Bxe4 18. O-O h6 19. Qf4 Bf5 20. bxa5 Qxa5 21. Qe3 hxg5 22. Qxe7 Be5 23. g3 Rd7 24. Qxg5 f6 25. Qe3 Rdh7 26. Bf3 Rh2 27. Rd1 Qd8 28. Qa7 Kd7 29.
Qxb7+ Ke8 30. Bc6+ Kf8 31. Bd5 R8h7 32. Qc6 Be6 33. Bxe6 Rh1+ 34. Qxh1 Rh2 35. Qxh2 Ke7 36. Bd5 Qf8 37. Qh7+ Kd8 38. Qc7+ 1-0

[Event "*** Titled Tuesday Blitz"]
[Site "Chess.com"]
[Date "2021.03.09"]
[Round "6"]
[White "IljaJoke"]
[Black "Ladislav1969"]
[Result "1-0"]
[WhiteElo "2472"]
[BlackElo "2324"]
[TimeControl "180+1"]
[EndTime "11:11:01 PST"]
[Termination "IljaJoke won by resignation"]

1. e4 c5 2. Nf3 e6 3. d4 cxd4 4. Nxd4 a6 5. c4 Nf6 6. Nc3 Bb4 7. Qd3 Nc6 8. Nxc6 dxc6 9. Qxd8+ Kxd8 10. e5 Ne4 11. a3 Bxc3+ 12. bxc3 Kc7 13. Be3 b6 14. Bd3 Nc5 15. Bxc5 bxc5 16. h4 h5 17. Rh3 Rd8 18. Kd2 Bd7 19. Rg3 g6 20. Rg5 Rab8 21. Rb1 Be8 22.
Rxb8 Rxb8 23. Kc2 Kb6 24. Kb2 Ka5+ 25. Ka2 Rd8 26. Rg3 Rd7 27. Re3 Rd8 28. f3 Rd7 29. g4 Rd8 30. gxh5 gxh5 31. f4 Rd7 32. Rg3 Rd8 33. Bc2 Rd2 34. Kb3 Rh2 35. Rg8 Rxh4 36. Rxe8 Rxf4 37. Rh8 h4 38. Rh7 Kb6 39. a4 Ka5 40.
Bd1 Re4 41. Bh5 Rxe5 42. Bxf7 Re4 43. Rh6 Kb6 44. Rxe6 Rxe6 45. Bxe6 a5 46. Kc2 Kc7 47. Kd3 Kd6 48. Bh3 Ke5 49. Ke3 Kf6 50. Kf4 Kg6 51.
Kg4 Kf6 52. Kxh4 Ke5 53. Bd7 Ke4 54. Bxc6+ Kd3 55. Bb5 Kxc3 56. Kg5 Kd4 57. Kf6 1-0

[Event "*** Titled Tuesday Blitz"]
[Site "Chess.com"]
[Date "2021.03.09"]
[Round "6"]
[White "Steegersee"]
[Black "drragnar1"]
[Result "1-0"]
[WhiteElo "2270"]
[BlackElo "2412"]
[TimeControl "180+1"]
[EndTime "11:11:01 PST"]
[Termination "Steegersee won on time"]

1. d4 Nf6 2. c4 c5 3. d5 e5 4. g3 d6 5. Bg2 Be7 6. e4 O-O 7. Ne2 Ne8 8. O-O g6 9. Nbc3 Ng7 10. a3 Nd7 11. b4 f5 12. Qc2 f4 13. gxf4 Nh5 14. fxe5 Nxe5 15. f4 Nxc4 16. bxc5 Bg4 17. Qd3 Na5 18. Ng3 Nb3 19. Nxh5 Nxa1 20. Ng3 Nb3 21.
cxd6 Nxc1 22. Rxc1 Bxd6 23. e5 Bc5+ 24. Kh1 Rxf4 25. d6 Kg7 26. Nd5 Rd4 27. Qc3 b6 28. Nf6 Rc8 29. Nxg4 Rxg4 30. e6+ Qf6 31. d7 Rd8 32. Qe1 Rg5 33. Rxc5 bxc5 34. e7 Re5 35. Qxe5 Qxe5 36. exd8=Q c4 37. Qe8 Qa1+ 38. Bf1 1-0

[Event "*** Titled Tuesday Blitz"]
[Site "Chess.com"]
[Date "2021.03.09"]
[Round "6"]
[White "Caracternin123"]
[Black "KubaGepard"]
[Result "1-0"]
[WhiteElo "2588"]
[BlackElo "2402"]
[TimeControl "180+1"]
[EndTime "11:11:03 PST"]
[Termination "Caracternin123 won by resignation"]

1. e4 c5 2. Nf3 d6 3. d4 cxd4 4.
Nxd4 Nf6 5. Nc3 a6 6. f3 e5 7. Nb3 Be6 8. Be3 h5 9. Qd2 Be7 10. O-O-O Nbd7 11. Nd5 Bxd5 12. exd5 Rc8 13. Bd3 Nxd5 14.
Kb1 Nxe3 15. Qxe3 Nc5 16. Bf5 Rc7 17. f4 Nxb3 18. fxe5 Rc5 19. exd6 Rxf5 20. Rhe1 Nc5 21. dxe7 Qxd1+ 22. Rxd1 Ne6 23. Rd8+ Kxe7 24. Rxh8 Rf1+ 25. Qc1 Rxc1+ 26. Kxc1 g6 27. Rb8 Nd8 28. Rc8 Kd7 29.
Rc3 Nc6 30. Kd2 Kd6 31. Ke3 g5 32. Ke4 Ne7 33. h4 f5+ 34. Kd4 g4 35. g3 Nc6+ 36.
Ke3 Ke5 37. Rc5+ Kf6 38. Kf4 Ne7 39. c4 b6 40. Rc7 Ng6+ 41. Ke3 f4+ 42. gxf4 Nxh4 43.
Rc6+ Kg7 44. Rxb6 Nf5+ 45. Kf2 h4 46. c5 h3 47. Rb3 h2 48. Kg2 g3 49. c6 Kf7 50. c7 Nd6 51. Rxg3 Ne4 52. c8=Q 1-0

[Event "*** Titled Tuesday Blitz"]
[Site "Chess.com"]
[Date "2021.03.09"]
[Round "6"]
[White "dozer80"]
[Black "Vaathi_Coming"]
[Result "1-0"]
[WhiteElo "2601"]
[BlackElo "2788"]
[TimeControl "180+1"]
[EndTime "11:11:04 PST"]
[Termination "dozer80 won on time"]

1. e4 c6 2. d4 d5 3. e5 c5 4. dxc5 e6 5. a3 Bxc5 6. b4 Bb6 7. Nf3 Ne7 8. Bd3 a5 9. b5 Nd7 10. O-O Ng6 11. Bb2 Nc5 12. Re1 O-O 13. Nbd2 Nxd3 14.
cxd3 a4 15. Bd4 Bd7 16. Rb1 Ba5 17. g3 Qe7 18. Qc1 Rfc8 19. Qb2 Rc7 20. Rec1 Rac8 21. Rxc7 Rxc7 22. h4 Qf8 23. Nf1 Qc8 24. Ne3 Bc3 25.
Bxc3 Rxc3 26. Qb4 h6 27. d4 b6 28. Qxa4 Ne7 29. Qa7 Nf5 30. Nxf5 exf5 31. e6 Bxe6 32. Ne5 f4 33. gxf4 Rc1+ 34. Rxc1 Qxc1+ 35. Kg2 Qxf4 36. Qxb6 Qe4+ 37. Kg3 Kh7 38. f3 Qe1+ 39. Kg2 1-0

[Event "*** Titled Tuesday Blitz"]
[Site "Chess.com"]
[Date "2021.03.09"]
[Round "6"]
[White "dusanacns"]
[Black "WPWPWP-2015"]
[Result "1-0"]
[WhiteElo "2723"]
[BlackElo "2507"]
[TimeControl "180+1"]
[EndTime "11:11:04 PST"]
[Termination "dusanacns won on time"]

1. e4 e5 2. d4 exd4 3. Qxd4 Nc6 4. Qe3 Nf6 5. Nc3 Bb4 6. Bd2 O-O 7. O-O-O Re8 8. Qf4 d6 9. f3 Qe7 10. g4 Be6 11. g5 Nd7 12. a3 Bc5 13. h4 Nce5 14. Qg3 Nc4 15. Bxc4 Bxc4 16. h5 Nf8 17. Nh3 Bd4 18.
Nf4 c6 19. g6 fxg6 20. hxg6 h6 21. Nfe2 Be5 22. f4 Bf6 23. Rde1 Qe6 24. f5 Qe5 25.
Nf4 d5 26. Qh3 dxe4 27. Nh5 Bd5 28. Nxf6+ Qxf6 29. Ne2 e3 30. Bc3 Re5 31. Rhf1 Nd7 32. Ng3 Rae8 33. Kb1 Qg5 34. Bxe5 Rxe5 35. Rg1 Nf6 36.
Qh2 Qf4 37. Qe2 Qg4 38. Qd3 Qf4 39. Qc3 b6 40. Qd3 1-0

[Event "*** Titled Tuesday Blitz"]
[Site "Chess.com"]
[Date "2021.03.09"]
[Round "6"]
[White "ChrisTool2"]
[Black "maximnovik"]
[Result "0-1"]
[WhiteElo "2347"]
[BlackElo "2552"]
[TimeControl "180+1"]
[EndTime "11:11:05 PST"]
[Termination "maximnovik won by resignation"]

1. d4 Nf6 2. c4 g6 3. f3 c5 4. d5 e6 5. Nc3 exd5 6. cxd5 d6 7.
e4 Bg7 8. Bb5+ Nbd7 9. Bf4 a6 10.
Bxd7+ Nxd7 11. Nge2 O-O 12. Bxd6 Re8 13. O-O Qb6 14. Bg3 Qxb2 15. Rb1 Qa3 16. Qc1 Qa5 17. f4 c4 18. f5 b5 19. fxg6 hxg6 20. Rf3 b4 21.
Nd1 Rxe4 22. Nf4 Ne5 23. Rf1 c3 24. Nf2 Rd4 25. Qe3 Rd2 26. Ne4 Rd3 27. Qf2 Bf5 28.
Nxd3 Nxd3 29. Qe3 Re8 30. Nf6+ Bxf6 31. Qxe8+ Kg7 32. d6 Qc5+ 33. Kh1 c2 34. Rbc1 Nxc1 35. Rxc1 Qd5 36. d7 Qd1+ 37. Qe1 Qxd7 38. Qf2 Qd3 39. h3 a5 40. Kh2 a4 41. Rf1 b3 42. Bh4 Be5+ 43.
Kh1 b2 44. a3 c1=Q 0-1

[Event "*** Titled Tuesday Blitz"]
[Site "Chess.com"]
[Date "2021.03.09"]
[Round "6"]
[White "Unknown_IM"]
[Black "chescomhuynya"]
[Result "0-1"]
[WhiteElo "2389"]
[BlackElo "2575"]
[TimeControl "180+1"]
[EndTime "11:11:05 PST"]
[Termination "chescomhuynya won by resignation"]

1. e4 c5 2. Nf3 d6 3. c3 Nf6 4. Be2 Bg4 5. O-O e6 6. d3 Nc6 7. Bg5 Be7 8. Nbd2 O-O 9. h3 Bh5 10. Be3 d5 11. e5 Nd7 12. d4 Qb6 13. Qb3 Rfc8 14. Rfb1 Bg6 15. Rc1 Na5 16. Qxb6 axb6 17. b3 cxd4 18. cxd4 Ba3 19. Rxc8+ Rxc8 20. Ne1 Bb2 21.
Rd1 Nc6 22. Bd3 Bxd4 23. Bxd4 Nxd4 24. Bxg6 hxg6 25. Nc4 dxc4 26. Rxd4 Nxe5 27. f4 cxb3 28. fxe5 Rc1 29. axb3 Rxe1+ 30. Kf2 Rxe5 31. Rb4 b5 32. Rd4 Rd5 33. Rxd5 exd5 34. Ke3 Kf8 35. Kd4 Ke7 36. Kxd5 b4 37. h4 Kd7 38. g3 Kc7 39. Kc5 Kd7 40.
Kd5 b6 41. Kc4 Kc6 42. Kxb4 b5 43. Kc3 Kc5 44. b4+ Kd5 45. Kd3 f5 46. Ke3 Kc4 47. Kf4 Kxb4 48. Kg5 Kc3 49. Kxg6 b4 50. Kxf5 b3 51.
Kg6 b2 52. Kxg7 b1=Q 53. h5 Qb7+ 54. Kg6 Qc6+ 55. Kg7 Qd7+ 56. Kg6 Qg4+ 57. Kh6 Kd4 0-1

[Event "*** Titled Tuesday Blitz"]
[Site "Chess.com"]
[Date "2021.03.09"]
[Round "6"]
[White "tusplingher"]
[Black "dodorox"]
[Result "1-0"]
[WhiteElo "2297"]
[BlackElo "2127"]
[TimeControl "180+1"]
[EndTime "11:11:05 PST"]
[Termination "tusplingher won on time"]

1. e4 e6 2. d4 d5 3. Bd3 dxe4 4. Bxe4 c5 5. Ne2 Nf6 6. Bf3 cxd4 7. Nxd4 Be7 8. O-O O-O 9. Be3 e5 10. Nb3 e4 11.
Be2 Nc6 12. Nc3 b6 13. Bg5 Bf5 14. Qxd8 Raxd8 15. f3 exf3 16. Bxf3 Nd4 17. Nxd4 Rxd4 18. Rae1 Bd8 19. Bd1 Bg6 20. Be3 Rd7 21. a3 Nd5 22.
Nxd5 Rxd5 23. c3 Bf6 24. Bb3 Rdd8 25. g4 Rfe8 26. g5 Be5 27. a4 Bb8 28. Bd4 Kf8 29. a5 bxa5 30. Ba4 Rxe1 31. Rxe1 Kg8 32. Re7 h6 33.
gxh6 gxh6 34. Re2 Bh5 35. Rg2+ Bg6 36. Bb3 Kh7 37. h4 h5 38. Re2 Rg8 39. Kf2 Rd8 40. Re7 Kg8 41. Ke3 Bd6 42. Rxa7 Bg3 43. Rxa5 1-0

[Event "*** Titled Tuesday Blitz"]
[Site "Chess.com"]
[Date "2021.03.09"]
[Round "6"]
[White "OlifantCZ"]
[Black "KhamzinOlzhas"]
[Result "0-1"]
[WhiteElo "2299"]
[BlackElo "2549"]
[TimeControl "180+1"]
[EndTime "11:11:06 PST"]
[Termination "KhamzinOlzhas won by resignation"]

1. c4 Nf6 2. g3 c6 3. Bg2 d5 4.
Nf3 g6 5. Kf1 Bg7 6. h4 h5 7. d3 O-O 8. Nc3 dxc4 9. d4 Nbd7 10.
a4 a5 11. Bg5 Nb6 12. Ne5 Nfd5 13. Bd2 Be6 14. e4 Nxc3 15. bxc3 Bxe5 16. dxe5 Qd3+ 17. Qe2 Rfd8 18. Be3 Nd7 19. f4 b5 20. Bf3 b4 21. f5 Nxe5 22. Kf2 Qxe2+ 23. Bxe2 gxf5 24. exf5 Bxf5 25. Bxh5 Bg4 26. Bxg4 Nxg4+ 27. Kf3 Nxe3 28. Kxe3 Rd3+ 29. Ke4 Rxc3 30. g4 Rd8 31. g5 Rcd3 32.
h5 R8d4+ 33. Ke5 Rd5+ 34. Ke4 R3d4+ 35. Ke3 Rg4 36. g6 fxg6 37. hxg6 Rxg6 38. Rh4 Rg3+ 39.
Kf4 Rg6 40. Ke3 Re6+ 41. Kf2 c3 42. Rg1+ Kf7 43. Rh7+ Ke8 44. Rg8+ Kd7 45. Rhh8 Kd6 46. Rd8+ Kc5 47. Rxd5+ Kxd5 0-1

[Event "*** Titled Tuesday Blitz"]
[Site "Chess.com"]
[Date "2021.03.09"]
[Round "6"]
[White "Konavets"]
[Black "XDPS"]
[Result "1-0"]
[WhiteElo "2925"]
[BlackElo "2723"]
[TimeControl "180+1"]
[EndTime "11:11:07 PST"]
[Termination "Konavets won on time"]

1. e4 e5 2. Nf3 Nc6 3. Bc4 Bc5 4. d3 Nf6 5. Bg5 O-O 6. c3 Be7 7. Nbd2 d6 8. a4 a6 9. Nf1 Be6 10. Ne3 Qd7 11. O-O Bxc4 12. Nxc4 h6 13. Bxf6 Bxf6 14.
Ne3 Ne7 15. d4 Qc6 16. Qd3 h5 17. h4 g6 18. g3 Bg7 19. Ng5 b5 20. d5 Qd7 21. b4 Bh6 22. Kg2 Kg7 23. f4 bxa4 24. f5 Ng8 25. fxg6 Bxg5 26. Nf5+ Kxg6 27. hxg5 f6 28. gxf6 Rxf6 29. Rh1 Raf8 30. Raf1 Nh6 31. Qf3 Ng4 32. Rxh5 Kxh5 33. Rh1+ Kg5 34. Rh4 Rxf5 35. Qxg4+ Kf6 36. exf5 Qxf5 37. Qc4 Kg7 38. Rg4+ Kh8 39. Rh4+ Kg7 40. Rg4+ Kh6 41. Qe2 Rf6 42. Rc4 Rg6 43.
Rxc7 e4 44. Qe3+ Rg5 45. Rc6 Qxd5 46. Rxa6 Qa2+ 47. Qf2 Qe6 48. Qf4 e3 49. Rxd6 1-0

[Event "*** Titled Tuesday Blitz"]
[Site "Chess.com"]
[Date "2021.03.09"]
[Round "6"]
[White "MasterKroket"]
[Black "LionChessClub"]
[Result "0-1"]
[WhiteElo "2471"]
[BlackElo "2615"]
[TimeControl "180+1"]
[EndTime "11:11:11 PST"]
[Termination "LionChessClub won by resignation"]

1. d4 f5 2. c4 Nf6 3. Nf3 g6 4. Nc3 d6 5. g3 Bg7 6. Bg2 O-O 7. O-O Qe8 8. d5 Na6 9. Nd4 Nc5 10. Qc2 Bd7 11.
Rd1 a5 12. b3 Qf7 13. Bb2 Nfe4 14. e3 h5 15. h4 Rae8 16. Nce2 e5 17. dxe6 Nxe6 18.
Nxe6 Bxe6 19. Nf4 Bxb2 20. Qxb2 Bd7 21. Qd4 b6 22. Qd5 Nf6 23. Qxf7+ Kxf7 24. Bd5+ Kg7 25. a3 Re7 26. b4 a4 27. b5 Ne4 28. Bxe4 Rxe4 29.
Rd4 Rxd4 30. exd4 Re8 31. Rd1 Be6 32. Re1 Kf7 33. d5 Bd7 34. Rxe8 Bxe8 35. Kf1 Kf6 36.
Ke2 Bf7 37. Ke3 g5 38. hxg5+ Kxg5 39. Ng2 Kg4 40. Nf4 Kg5 41. Kf3 h4 42. gxh4+ Kxh4 43. Ne2 Bh5+ 44. Ke3 Bxe2 45. Kxe2 Kg4 46. Ke3 Kg5 47.
Kf3 f4 48. Ke4 Kg4 49. f3+ Kg3 50. Kf5 Kxf3 51. Ke6 Ke4 52. Kd7 Kd4 53. Kxc7 Kc5 0-1

[Event "*** Titled Tuesday Blitz"]
[Site "Chess.com"]
[Date "2021.03.09"]
[Round "6"]
[White "ChronicUnhappiness"]
[Black "beto-betun"]
[Result "1-0"]
[WhiteElo "2350"]
[BlackElo "2217"]
[TimeControl "180+1"]
[EndTime "11:11:12 PST"]
[Termination "ChronicUnhappiness won by resignation"]

1. d4 Nf6 2. c4 g6 3. Nc3 Bg7 4. Nf3 O-O 5. e4 d6 6. Be2 e5 7. O-O Bg4 8. d5 Nbd7 9. Be3 b6 10. Nd2 Bxe2 11. Qxe2 a5 12. b3 Nc5 13. a3 Qd7 14. f3 a4 15. b4 Nb3 16. Nxb3 axb3 17.
Rfb1 Nh5 18. Rxb3 f5 19. Rc1 Nf4 20. Bxf4 exf4 21. exf5 Rxf5 22. Ne4 Re8 23. Qd3 Rh5 24. Rbb1 Be5 25. c5 bxc5 26. bxc5 g5 27. cxd6 cxd6 28. Qb5 Bd4+ 29. Kh1 Qe7 30. Qc6 Rf8 31. Rb7 Qe5 32. Qxd6 Qxd6 33. Nxd6 Be3 34. Rcc7 Bd4 35. Rc8 Rxc8 36.
Nxc8 Rh6 37. d6 Re6 38. g4 fxg3 39. hxg3 Re1+ 40. Kg2 Re2+ 41. Kh3 h5 42. d7 g4+ 43. fxg4 hxg4+ 44. Kxg4 Bf6 45. Nd6 Rd2 46. Nf5 Kf7 47. d8=Q+ Ke6 48. Qxd2 1-0

[Event "*** Titled Tuesday Blitz"]
[Site "Chess.com"]
[Date "2021.03.09"]
[Round "6"]
[White "SwitchOnTwitch"]
[Black "J36225"]
[Result "0-1"]
[WhiteElo "2116"]
[BlackElo "2494"]
[TimeControl "180+1"]
[EndTime "11:11:13 PST"]
[Termination "J36225 won on time"]

1. d4 Nf6 2. c4 e6 3. g3 d5 4. Bg2 Be7 5. Nf3 dxc4 6. O-O Nc6 7. Qa4 O-O 8. Qxc4 Qd5 9. Qd3 Rd8 10. Ne5 Qxd4 11. Nxc6 bxc6 12. Qxd4 Rxd4 13. Bxc6 Rb8 14. Nc3 Bb7 15. Bxb7 Rxb7 16. b3 Bb4 17. Na4 Ne4 18. Be3 Rd6 19. Bf4 Rc6 20. Rfd1 Bd6 21. f3 Nf6 22. e4 Nh5 23. e5 Nxf4 24. gxf4 Bf8 25.
Rd8 g6 26. Rad1 Kg7 27. R1d2 Rb4 28. Kg2 Rxf4 29. Ra8 Rf5 30. Rdd8 Bc5 31. Rg8+ Kh6 32. Nxc5 Rxc5 33. Rxa7 Rfxe5 34. Rc8 Rc2+ 35. Kg3 Rg5+ 36. Kf4 Rf5+ 37. Kg3 Rc3 38. Raxc7 Rcxf3+ 39. Kg2 Rf2+ 40. Kg1 Rxa2 41. Rc3 Rd5 42. Rc1 Rdd2 0-1

[Event "*** Titled Tuesday Blitz"]
[Site "Chess.com"]
[Date "2021.03.09"]
[Round "6"]
[White "night_player"]
[Black "Pantata007"]
[Result "1-0"]
[WhiteElo "2177"]
[BlackElo "2302"]
[TimeControl "180+1"]
[EndTime "11:11:13 PST"]
[Termination "night_player won by checkmate"]

1. e4 e5 2. Nf3 Nc6 3. Bb5 a6 4.
Ba4 Nf6 5. O-O Be7 6. c3 Nxe4 7. Re1 Nc5 8. Nxe5 Nxe5 9. Rxe5 Nxa4 10. Qxa4 O-O 11.
d4 d6 12. Re1 Bf5 13. Nd2 Re8 14. Nf3 b5 15. Qb3 Bf6 16. Bf4 h6 17. h3 Qd7 18.
a4 Be4 19. Nd2 Bc6 20. axb5 axb5 21. d5 Bb7 22. c4 Rab8 23. cxb5 Qf5 24. Qg3 g5 25. h4 Qxf4 26. Qxf4 gxf4 27. Ne4 Bxh4 28. g3 fxg3 29. fxg3 Bg5 30. Rad1 f5 31. Nc3 Kf7 32.
Rf1 Kg6 33. b6 cxb6 34. Nb5 Be3+ 35. Kh2 Bc5 36. Nc7 Re2+ 37. Kh3 Rxb2 38. Rde1 Rb4 39. Re6+ Kh7 40. Rxf5 Rg8 41. Ne8 Rb3 42. Rf7+ Kh8 43. Rxh6# 1-0

[Event "*** Titled Tuesday Blitz"]
[Site "Chess.com"]
[Date "2021.03.09"]
[Round "6"]
[White "djano"]
[Black "Promacherr"]
[Result "0-1"]
[WhiteElo "2470"]
[BlackElo "2614"]
[TimeControl "180+1"]
[EndTime "11:11:14 PST"]
[Termination "Promacherr won by resignation"]

1. e4 e6 2. c4 d5 3. cxd5 exd5 4. Qb3 Bd6 5. exd5 Nf6 6. Nf3 O-O 7. Nc3 Re8+ 8. Be2 b5 9. Nxb5 Qe7 10. Nbd4 Ba6 11. d3 c5 12. dxc6 Nxc6 13. Be3 Bb4+ 14. Kf1 Rac8 15.
Nxc6 Rxc6 16. Nd4 Rb6 17. Qa4 Nd5 18. Nf5 Qe5 19. g4 g6 20. Bxb6 Qxe2+ 21. Kg2 Qxg4+ 22.
Ng3 Nf4+ 23. Kg1 Nh3+ 24. Kg2 Nf4+ 25. Kf1 Bxd3+ 26. Kg1 Nh3+ 27. Kg2 Nf4+ 28. Kg1 Re4 29. Qxa7 Nh3+ 30. Kg2 Nf4+ 31. Kg1 Qf3 32. Qb8+ Bf8 33. Qxf4 Rxf4 34. Be3 Re4 35. a4 Rxe3 36. fxe3 Qxe3+ 37. Kg2 Qd2+ 38. Kf3 Bc5 39. Rhf1 Bxf1 40. Rxf1 Qxb2 41. Ne4 Qb3+ 42. Kg2 Bd4 43. Nd2 Qxa4 44. Nf3 Bf6 45.
Rf2 Kg7 46. Re2 h5 47. h4 Bxh4 0-1

[Event "*** Titled Tuesday Blitz"]
[Site "Chess.com"]
[Date "2021.03.09"]
[Round "6"]
[White "Chernov_Alexander_A"]
[Black "mary-sanna"]
[Result "1-0"]
[WhiteElo "2276"]
[BlackElo "2063"]
[TimeControl "180+1"]
[EndTime "11:11:14 PST"]
[Termination "Chernov_Alexander_A won by checkmate"]

1. Nf3 d5 2. g3 Nf6 3. Bg2 c5 4. O-O Nc6 5. c4 e6 6. d4 cxd4 7. Nxd4 Bc5 8. Nb3 Bb6 9. cxd5 exd5 10. N1d2 O-O 11. Nf3 Bg4 12. Bg5 h6 13. Bd2 Ne4 14.
Rc1 Re8 15. Bc3 d4 16. Bxd4 Nxd4 17. Nbxd4 Qf6 18. Qa4 Rad8 19. e3 h5 20. h3 Bxf3 21. Nxf3 Qxb2 22. Rb1 Qf6 23. h4 Nd2 24. Nxd2 Rxd2 25.
Qf4 Qxf4 26. gxf4 Rxa2 27. Bxb7 Re7 28. Bd5 Rd7 29. Rfd1 Kf8 30. Bxa2 Rxd1+ 31. Rxd1 Ke7 32. Rd5 g6 33. f5 gxf5 34. Rxf5 f6 35. Rxh5 a5 36.
Rf5 Bc7 37. h5 Be5 38. Rxe5+ fxe5 39. Kg2 Kf6 40. Kf3 Kg5 41. Ke4 Kxh5 42. Kxe5 Kg4 43. f4 Kf3 44. f5 Kxe3 45. f6 a4 46. f7 Kd2 47. f8=Q Kc3 48. Qa3+ Kd2 49. Ke4 Kd1 50. Qb2 Ke1 51. Ke3 a3 52. Qe2# 1-0